 Dungeon Crawl Stone Soup version 0.20-a0-772-g73021bd (webtiles) character file.

5423 Laan the Cleaver (level 10, -2/63 HPs)
             Began as a Gargoyle Fighter on Feb 27, 2017.
             Was an Elder of Okawaru.
             Killed from afar by a gargoyle (28 damage)
             ... with a stone arrow
             ... in a labyrinth.
             The game lasted 00:18:03 (6816 turns).

Laan the Cleaver (Gargoyle Fighter)                 Turns: 6816, Time: 00:18:04

Health: -2/63      AC: 23    Str: 24    XL:     10   Next: 67%
Magic:  8/10       EV: 10    Int:  8    God:    Okawaru [****..]
Gold:   538        SH: 12    Dex:  9    Spells: 9/9 levels left

rFire    . . .     SeeInvis .   a - +0 war axe (elec)
rCold    . . .     Gourm    .   C - +0 chain mail
rNeg     + . .     Faith    .   c - +0 shield
rPois    ∞         Spirit   .   w - +0 helmet
rElec    +         Reflect  .   y - +0 cloak
rCorr    .         Harm     .   n - +0 pair of gloves
MR       .....                  (no boots)
Stlth    ..........             e - amulet of regeneration
Regen    0.6/turn               (no ring)
MPRegen  0.2/turn               (no ring)

@: heroism
A: negative energy resistance 1, electricity resistance, unbreathing,
petrification resistance, rot immunity, AC +7
a: Heroism, Renounce Religion


You were in a labyrinth.
You worshipped Okawaru.
Okawaru was greatly pleased with you.
You were not hungry.

You visited 3 branches of the dungeon, and saw 10 of its levels.
You also visited: Labyrinth.

You collected 602 gold pieces.
You spent 64 gold pieces at shops.

Inventory:

Hand Weapons
 a - a +0 war axe of electrocution (weapon)
 b - a +1 war axe of flaming
 J - the +8 broad axe of Triumph {chop, *Corrode rN+ Int+3}
   (You found it on level 1 of the Lair of Beasts)

   It inflicts extra damage upon your enemies.
   It affects your intelligence (+3).
   It protects you from negative energy.
   It may corrode you when you take damage.
Missiles
 u - 6 javelins of penetration (quivered)
Armour
 c - a +0 shield (worn)
 n - a +0 pair of gloves (worn)
 w - a +0 helmet (worn)
 y - a +0 cloak (worn)
 C - a +0 chain mail (worn)
Jewellery
 e - an amulet of regeneration (around neck)
Wands
 d - a wand of disintegration (20/24)
 D - a wand of random effects (22/48)
 H - a wand of iceblast (7/15)
Scrolls
 i - 4 scrolls of teleportation
 m - 2 scrolls of recharging
 q - 2 scrolls of torment
 r - 3 scrolls of remove curse
 s - 8 scrolls of identify
 x - 2 scrolls of brand weapon
 B - a scroll of fog
 G - 2 scrolls of amnesia
 I - a scroll of fear
Potions
 g - a potion of berserk rage {unknown}
 h - a potion of agility {unknown}
 j - a potion of cancellation {unknown}
 k - 2 potions of heal wounds {unknown}
 l - 3 potions of mutation {unknown}
 o - 4 potions of curing {unknown}
 t - 2 potions of ambrosia {unknown}
 z - 2 potions of flight {unknown}
 E - a potion of degeneration {unknown}
Books
 K - a book of Air

   Spells                             Type                      Level
   a - Shock                          Conjuration/Air              1
   b - Swiftness                      Charms/Air                   2
   c - Static Discharge               Conjuration/Air              3
   d - Airstrike                      Air                          4
   e - Lightning Bolt                 Conjuration/Air              5
Comestibles
 f - 4 bread rations
 p - 10 royal jellies
 v - 2 meat rations


   Skills:
 + Level 7.0(12.0) Fighting
 + Level 11.2(16.2) Axes
 + Level 6.9(11.9) Armour
 + Level 6.8(11.8) Shields


You had 9 spell levels left.
You didn't know any spells.

Dungeon Overview and Level Annotations

Branches:
Dungeon (8/15)             Temple (1/1) D:5            Lair (1/6) D:8

Altars:
Ashenzari
Cheibriados
Dithmenos
Elyvilon
Fedhas
Kikubaaqudgha
Makhleb
Okawaru
Ru
Sif Muna
Uskayaw
Vehumet
Yredelemnul

Shops:
D:8 ?

Annotations:
Lair:1 Gastronok


Innate Abilities, Weirdness & Mutations

You are resistant to torment.
Your stone body is resilient. (AC +7)
You are immune to poison.
You resist negative energy. (rN+)
You are resistant to electric shocks. (rElec)
You can survive without breathing.
You are immune to petrification.
You are immune to rotting.


Message History

You slash the gargoyle!
You destroy the gargoyle!
Okawaru is honoured by your kill.
Your Fighting skill increases to level 7!
The gargoyle hurls a stone arrow at you.
The stone arrow hits you! You block the gargoyle's attack.
You hit the gargoyle.
The gargoyle is lightly damaged.
The gargoyle hurls a stone arrow at you.
The stone arrow hits you!
You are too injured to fight recklessly!
You are too injured to fight recklessly!
You are too injured to fight recklessly!
Okay, then.
Unknown command.
You gain the combat prowess of a mighty hero.
The gargoyle hurls a stone arrow at you.
The stone arrow hits you!
You die...

..≈ ## #≈.
#.≈ ≈§#§
#..§≈ ).§≈
... ...
...#..
#.#.#
#..9#
#9#.##
#@#.#..
###.#.#.#
#...#...#.
###.#.#.#
## #
#.#.#.# .
..# #.##
### # ##
#..
..#...# ..
.# ###
#.###.
#### #
...#. .#
.. .#


You could see 2 gargoyles.

Vanquished Creatures
  A two-headed ogre (D:8)
  An elephant (D:8)
  A gargoyle (Lab)
  A queen bee (D:8)
  A hippogriff (D:8)
  Sigmund (D:4)
  A redback (Lab)
  2 hungry ghosts (Lab)
  A porcupine (Lair:1)
  A black bear (D:6)
  An orc warrior (D:6)
  2 sky beasts
  3 ogres
  A phantom (D:3)
  3 centaurs (D:8)
  2 crocodiles (D:8)
  4 bullfrogs
  2 scorpions
  20 killer bees
  3 howler monkeys
  2 electric eels (Lair:1)
  A crimson imp (D:5)
  A jelly (D:8)
  Crazy Yiuf (D:4)
  3 hounds
  A centaur skeleton (D:4)
  3 orc wizards
  An iguana (D:7)
  2 worker ants (D:8)
  A hound skeleton (D:5)
  Robin (D:4)
  4 adders
  2 shadow imps
  An ooze (D:7)
  An adder skeleton (D:8)
  An adder zombie (D:6)
  3 worms
  2 dart slugs
  2 leopard geckos
  17 orcs
  3 ball pythons
  A giant cockroach (D:5)
  11 goblins
  16 hobgoblins
  11 jackals
  9 kobolds
  4 quokkas
  10 bats
  4 frilled lizards
  2 leopard gecko skeletons
  A leopard gecko zombie (D:8)
  A quokka skeleton (D:5)
  3 rats
  2 plants (D:8)
180 creatures vanquished.

Notes
Turn   | Place    | Note
-------+----------+-------------------------------------------
     0 | D:1      | Laan the Gargoyle Fighter began the quest for the Orb.
     0 | D:1      | Reached XP level 1. HP: 14/14 MP: 1/1
    94 | D:1      | Reached skill level 2 in Axes
   162 | D:1      | Reached XP level 2. HP: 13/19 MP: 2/2
   497 | D:1      | Reached skill level 3 in Axes
   658 | D:1      | Reached XP level 3. HP: 20/23 MP: 3/3
   908 | D:2      | Found a radiant altar of Vehumet.
  1145 | D:2      | Found a burning altar of Makhleb.
  1511 | D:3      | Reached XP level 4. HP: 24/28 MP: 4/4
  1678 | D:3      | Reached skill level 4 in Axes
  1680 | D:3      | Noticed a phantom
  1709 | D:3      | Killed a phantom
  1709 | D:3      | Reached XP level 5. HP: 7/32 MP: 5/5
  2009 | D:3      | Reached skill level 5 in Axes
  2458 | D:4      | Found a shadowy altar of Dithmenos.
  2662 | D:4      | Reached XP level 6. HP: 29/37 MP: 6/6
  2696 | D:4      | Found a runed door.
  2900 | D:4      | Noticed Robin
  2910 | D:4      | Killed Robin
  2951 | D:4      | Noticed Sigmund
  2963 | D:4      | Killed Sigmund
  2963 | D:4      | Reached skill level 6 in Axes
  2963 | D:4      | Reached XP level 7. HP: 30/41 MP: 7/7
  3190 | D:4      | Noticed Crazy Yiuf
  3195 | D:4      | Killed Crazy Yiuf
  3195 | D:4      | Reached skill level 7 in Axes
  3259 | D:5      | Entered Level 5 of the Dungeon
  3394 | D:5      | Found a staircase to the Ecumenical Temple.
  3407 | Temple   | Entered the Ecumenical Temple
  3412 | Temple   | Became a worshipper of Warmaster Okawaru
  3573 | D:5      | Reached skill level 8 in Axes
  3573 | D:5      | Reached XP level 8. HP: 27/46 MP: 8/8
  3681 | D:5      | Found an ancient bone altar of Kikubaaqudgha.
  4046 | D:6      | Reached * piety under Okawaru
  4046 | D:6      | Reached skill level 9 in Axes
  4355 | D:6      | Found a radiant altar of Vehumet.
  4652 | D:7      | Found a basalt altar of Yredelemnul.
  4652 | D:7      | Found a sacrificial altar of Ru.
  4928 | D:7      | Reached skill level 10 in Axes
  5238 | D:8      | Noticed a two-headed ogre
  5267 | D:7      | Reached XP level 9. HP: 33/51 MP: 9/9
  5327 | D:8      | Reached ** piety under Okawaru
  5442 | D:8      | Found a staircase to the Lair.
  5506 | D:8      | Killed a two-headed ogre
  5506 | D:8      | Reached skill level 5 in Fighting
  5506 | D:8      | Reached skill level 5 in Armour
  5506 | D:8      | Reached skill level 5 in Shields
  5523 | D:8      | Noticed an elephant
  5527 | D:8      | Reached *** piety under Okawaru
  5538 | D:8      | Killed an elephant
  5538 | D:8      | Reached XP level 10. HP: 57/60 MP: 10/10
  5737 | D:8      | Found Reaseywn's Magic Scroll Shop.
  5745 | D:8      | Bought a scroll of identify for 32 gold pieces
  5745 | D:8      | Bought a scroll of identify for 32 gold pieces
  5772 | D:8      | Received a gift from Okawaru
  5778 | D:8      | Reached skill level 11 in Axes
  5993 | D:8      | Reached **** piety under Okawaru
  6107 | Lair:1   | Entered Level 1 of the Lair of Beasts
  6171 | Lair:1   | Got a smoking broad axe
  6195 | Lair:1   | Found a labyrinth entrance.
  6202 | Lair:1   | Noticed Gastronok
  6206 | Lab      | Entered a labyrinth
  6207 | Lab      | Identified the +8 broad axe of Triumph {chop, *Corrode rN+ Int+3} (You found it on level 1 of the Lair of Beasts)
  6803 | Lab      | Noticed a gargoyle
  6806 | Lab      | Noticed a gargoyle
  6806 | Lab      | Noticed a gargoyle
  6811 | Lab      | Killed a gargoyle
  6816 | Lab      | Killed from afar by a gargoyle

Vault maps used:
D:1:      evilmike_arrival_rings, minmay_small_reverse_x
D:2:      nicolae_overflow_hidden_temple, lemuel_coloured_pillars_altar
D:4:      nicolae_dithmenos_the_darkroom, uniq_crazy_yiuf_cottage, uniq_robin,
          uniq_sigmund
D:5:      kiku_gazebo_garden_becter, minmay_temple_entry_statues_fountains,
          first_bread, kennysheep_dice
D:6:      basic_altar
D:7:      grunt_temple_overflow_open
D:8:      david_lair_generic, serial_shops, nicolae_shop_statue_plus,
          minmay_misc_feat_secret_circle, david_nohive_1
Temple:   cyrus_circular_temple
Lair:1:   lab_entry_generic, dpeg_stationary_puzzle, uniq_gastronok
Lab:      labyrinth_watery, nicolae_lab_dead_end, nicolae_lab_t_cross,
          nicolae_lab_grate_2, lab_hedge

Skill      XL: |  1  2  3  4  5  6  7  8  9 10 |
---------------+-------------------------------+-----
Axes           | 2 3 4 5 6 8 10 11 | 11.2
Fighting       | 5 7 |  7.0
Armour         | 5 6 |  6.9
Shields        | 5 6 |  6.8

Action                   |  1- 3 |  4- 6 |  7- 9 | 10-12 || total
-------------------------+-------+-------+-------+-------++-------
Melee: War axe           |   147 |   171 |   307 |   145 ||   770
Invok: Heroism           |       |       |       |     2 ||     2
Evoke: Wand              |       |       |     4 |       ||     4
  Use: Scroll            |     2 |       |    12 |     1 ||    15
       Potion            |       |     1 |     2 |       ||     3
  Eat: Chunk             |     2 |     5 |     9 |     2 ||    18
       Meat ration       |       |       |       |     1 ||     1
       Fruit             |       |       |       |     1 ||     1
Armor: Scale mail        |    83 |   112 |    34 |       ||   229
       Chain mail        |       |       |   180 |   107 ||   287
Dodge: Dodged            |    47 |    71 |    88 |    38 ||   244
Block: Shield            |    82 |    92 |   152 |   106 ||   432
